[Event "Titled Tuesday Blitz July 11 Late 2023"]
[White "Rastbod, Ali"]
[Black "Przybylski, Wojciech"]
[WhiteFideId "12567477"]
[BlackFideId "1117599"]
[WhiteElo "2688"]
[BlackElo "2578"]
[Result "1-0"]
[Round "9"]
[TimeControl "180+2"]
[Date "2023.07.11"]
[WhiteClock "0:00:32"]
[BlackClock "0:00:44"]
[Board "33"]

1. Nf3 Nf6 2. b3 b6 3. g3 Bb7 4. Bg2 c5 5. O-O e6 6. Bb2 Be7 7. e3 O-O 8. Qe2 a5 9. c4 a4 10. Nc3 a3 11. Bc1 Nc6 12. Nb5 Nb4 13. d3 d5 14. Rd1 Bc6 15. Nxa3 Qb8 16. Bb2 Rd8 17. Ne5 Be8 18. f4 h6 19. Bf3 Nh7 20. Bg2 f6 21. Nf3 Bh5 22. h3 Bd6 23. g4 Bf7 24. Nb5 Rxa2 25. Rxa2 Nxa2 26. Bxf6 Nxf6 27. Qxa2 d4 28. Nxd6 Qxd6 29. exd4 Qxf4 30. dxc5 bxc5 31. Qf2 Ne4 32. Qe1 h5 33. dxe4 Rxd1 34. Qxd1 Qe3+ 35. Kh1 hxg4 36. hxg4 Qh6+ 37. Kg1 Qe3+ 38. Kf1 Kh7 39. Qe2 Qxb3 40. Ng5+ Kg6 41. Nxf7 Kxf7 42. Qf3+ Qxf3+ 43. Bxf3 Kf6 44. Kf2 Ke5 45. Ke3 g5 46. Bd1 Kd6 47. Ba4 e5 48. Kd3 Kc7 49. Kc3 Kb6 50. Kb3 Ka5 51. Bd7 Kb6 52. Ka4 Ka6 53. Be6 Kb6 54. Bc8 Kc7 55. Kb5 Kxc8 56. Kxc5 Kc7 57. Kd5 Kb6 58. Kxe5 Kc5 59. Kf5 Kxc4 60. Kxg5 Kd4 61. Kf5 Kc5 62. g5 Kd6 63. g6 Ke7 64. e5 Kf8 65. Kf6 Kg8 66. e6 Kf8 67. g7+ Kg8 68. e7 Kh7 69. e8=Q Kh6 70. Qh8# 1-0


[Site "https://www.chess.com"]

[Event "Titled Tuesday Blitz July 11 Late 2023"]
[White "Shuvalova, Polina"]
[Black "Boldoo, Erdenepurev"]
[WhiteFideId "24171760"]
[BlackFideId "4901037"]
[WhiteElo "2671"]
[BlackElo "2570"]
[Result "0-1"]
[Round "9"]
[TimeControl "180+2"]
[Date "2023.07.11"]
[WhiteClock "0:00:00"]
[BlackClock "0:00:11"]
[Board "34"]

1. e4 e6 2. d4 d5 3. exd5 exd5 4. Nf3 Nc6 5. Bd3 Bd6 6. O-O Nge7 7. Re1 Bg4 8. c3 Qd7 9. Nbd2 f6 10. b4 O-O 11. b5 Na5 12. c4 dxc4 13. Nxc4 Nxc4 14. Bxc4+ Kh8 15. Qb3 Rae8 16. h3 Bf5 17. Nh4 Ng6 18. Nxg6+ hxg6 19. Bd2 Rxe1+ 20. Rxe1 Re8 21. Re3 Rxe3 22. Qxe3 Qe7 23. Bd5 b6 24. Qf3 Be6 25. Bxe6 Qxe6 26. d5 Qe5 27. g3 Qa1+ 28. Kg2 Qxa2 29. Be3 Kh7 30. Qe4 a5 31. bxa6 Qxa6 32. h4 Qc8 33. g4 f5 34. gxf5 Qxf5 35. Qc4 Qd7 36. Qe4 b5 37. Bd2 Qf5 38. Qd4 Qe5 39. Qd3 b4 40. Kf1 Qa1+ 41. Kg2 Qe5 42. Kf1 Qf5 43. Qd4 b3 44. Qc3 Qb1+ 45. Ke2 b2 0-1


[Site "https://www.chess.com"]

[Event "Titled Tuesday Blitz July 11 Late 2023"]
[White "Francisco Guecamburu, Candela Be"]
[Black "Mikhailov, Viacheslav"]
[WhiteFideId "160911"]
[BlackFideId "4187369"]
[WhiteElo "2563"]
[BlackElo "2658"]
[Result "1-0"]
[Round "9"]
[TimeControl "180+2"]
[Date "2023.07.11"]
[WhiteClock "0:00:04"]
[BlackClock "0:00:00"]
[Board "35"]

1. e4 c5 2. Nf3 Nc6 3. Bb5 g6 4. Bxc6 dxc6 5. d3 Bg7 6. h3 Nf6 7. Nc3 O-O 8. Bf4 c4 9. dxc4 Qa5 10. O-O Be6 11. Qe2 Qb4 12. a3 Qxc4 13. Rfe1 Rfd8 14. Qxc4 Bxc4 15. Rad1 Nd7 16. Bc7 Kf8 17. Bxd8 Rxd8 18. Nd4 Ke8 19. f4 e5 20. Nf3 exf4 21. e5 h6 22. b3 Be6 23. Ne4 Ke7 24. Nf2 g5 25. Nd3 Bf5 26. Nd4 Bg6 27. Nf3 Nf8 28. Nc5 Rb8 29. Rd2 b6 30. Ne4 Ne6 31. Nd6 Rd8 32. Red1 f6 33. Nd4 fxe5 34. Nxc6+ Kf6 35. Nxd8 Nxd8 36. Ne8+ Bxe8 37. Rxd8 Bf7 38. R8d6+ Be6 39. Rc6 Bf8 40. b4 Be7 41. Rc7 1-0


[Site "https://www.chess.com"]

[Event "Titled Tuesday Blitz July 11 Late 2023"]
[White "Omelja, Artem"]
[Black "Domingo Nunez, Ruben"]
[WhiteFideId "14119846"]
[BlackFideId "22245570"]
[WhiteElo "2655"]
[BlackElo "2561"]
[Result "1-0"]
[Round "9"]
[TimeControl "180+2"]
[Date "2023.07.11"]
[WhiteClock "0:00:06"]
[BlackClock "0:00:03"]
[Board "36"]

1. d4 g6 2. c4 Bg7 3. Nc3 d6 4. e4 Nd7 5. Nge2 e5 6. Be3 Ngf6 7. f3 O-O 8. Qd2 exd4 9. Nxd4 Ne5 10. Be2 Re8 11. O-O Nc6 12. Rfd1 Bd7 13. Rac1 a6 14. b3 Qb8 15. Bf1 Nxd4 16. Bxd4 b5 17. cxb5 axb5 18. Bxf6 Bxf6 19. Nd5 Bd8 20. Rc2 c6 21. Nb4 c5 22. Qxd6 Bc7 23. Qxd7 Bxh2+ 24. Kh1 cxb4 25. Bxb5 Re5 26. Rd5 Qf8 27. Kxh2 Qh6+ 28. Kg1 Qe3+ 29. Kf1 Rxd5 30. Qxd5 Rf8 31. Qd2 Qb6 32. Bc4 Rd8 33. Qe2 Qd4 34. Rc1 h5 35. Qf2 Qe5 36. Kg1 Kg7 37. Qe3 h4 38. f4 Qb2 39. Rf1 Rd2 40. Rf2 Qb1+ 41. Bf1 Rd1 42. e5 Qf5 43. Qe2 Ra1 44. Qb2 Rb1 45. Qd4 Kh7 46. Qxb4 h3 47. Qc4 Qh5 48. Qe2 h2+ 49. Kh1 Qh4 50. Qf3 Kg7 51. g3 Qh8 52. Qg2 Qd8 53. Qxh2 Qd4 54. Qg2 Qc3 55. Kg1 Rc1 56. Qf3 Qa1 57. f5 Qxe5 58. fxg6 fxg6 59. Qf7+ Kh6 60. Qf4+ Qxf4 61. Rxf4 1-0


[Site "https://www.chess.com"]

[Event "Titled Tuesday Blitz July 11 Late 2023"]
[White "Yelisieiev, Yevhenii"]
[Black "benny_aizenberg"]
[WhiteFideId "14139642"]
[WhiteElo "2550"]
[BlackElo "2651"]
[Result "0-1"]
[Round "9"]
[TimeControl "180+2"]
[Date "2023.07.11"]
[WhiteClock "0:00:52"]
[BlackClock "0:00:07"]
[Board "37"]

1. d4 f5 2. Nf3 Nf6 3. g3 g6 4. Bg2 Bg7 5. O-O O-O 6. b3 d6 7. Bb2 a5 8. c4 c6 9. Nc3 Qe8 10. d5 Na6 11. Nd4 e5 12. dxe6 Bxe6 13. Nxe6 Qxe6 14. Na4 Rfe8 15. Re1 Rad8 16. Qd2 d5 17. cxd5 Nxd5 18. Bxg7 Kxg7 19. Qxa5 Qf6 20. Rad1 Nab4 21. Nb6 Nc2 22. Qxd5 cxd5 23. Nxd5 Rxd5 24. Bxd5 Nxe1 25. Rxe1 Qc3 26. Kf1 Re7 27. e3 Qd3+ 0-1


[Site "https://www.chess.com"]

[Event "Titled Tuesday Blitz July 11 Late 2023"]
[White "Chor, Kevin"]
[Black "Ovchinnikov, Vsevolod"]
[WhiteFideId "2090740"]
[BlackFideId "24176842"]
[WhiteElo "2546"]
[BlackElo "2646"]
[Result "0-1"]
[Round "9"]
[TimeControl "180+2"]
[Date "2023.07.11"]
[WhiteClock "0:00:00"]
[BlackClock "0:00:09"]
[Board "38"]

1. e4 g6 2. d4 Bg7 3. Nc3 a6 4. f4 b5 5. Nf3 d6 6. Bd3 Nd7 7. a4 b4 8. Ne2 c5 9. c3 bxc3 10. bxc3 cxd4 11. cxd4 Ngf6 12. e5 Ng4 13. Ng3 O-O 14. Ng5 Nh6 15. O-O dxe5 16. Be4 Rb8 17. fxe5 Qb6 18. Kh1 Bb7 19. Ba3 Bxe4 20. N3xe4 Rbe8 21. Rb1 Qc6 22. d5 Qc4 23. d6 e6 24. Rb4 Qa2 25. Bb2 Rb8 26. Nc3 Qxb2 27. Rxb2 Rxb2 28. Nf3 Nxe5 29. Nxe5 Bxe5 30. d7 Rd8 31. Ne4 Nf5 32. Qd3 Rb7 33. Nc5 Rc7 34. Nxa6 Rcxd7 35. Qe2 Bg7 36. Nc5 Nd4 37. Qe4 Rc7 38. Nd3 h5 39. h3 Ra7 40. Nc5 Rd5 41. Rc1 Ra5 42. Qd3 Rdxc5 43. Rxc5 Rxc5 44. Qa6 Be5 45. Kg1 Rc2 46. Kf1 Kg7 47. a5 Ra2 48. Qd3 Rxa5 49. Kf2 Rd5 50. Qe4 Bf6 51. g4 hxg4 52. hxg4 g5 53. Kg2 Rc5 54. Kg1 Rc3 55. Kf1 Rf3+ 56. Ke1 Rf4 57. Qh1 Rxg4 58. Kd2 Rf4 59. Kd3 Nf5 60. Kd2 Rd4+ 61. Kc2 Rh4 62. Qe1 g4 63. Qe2 g3 64. Qf1 Rh2+ 65. Kb3 Be5 66. Qf3 g2 67. Qg4+ Kf6 68. Qg8 Rh3+ 69. Kb4 Rg3 70. Qd8+ Kg7 0-1


[Site "https://www.chess.com"]

[Event "Titled Tuesday Blitz July 11 Late 2023"]
[White "Salazar Farias, Luis German"]
[Black "Bjelobrk, Igor"]
[WhiteFideId "3902170"]
[BlackFideId "4300726"]
[WhiteElo "2541"]
[BlackElo "2642"]
[Result "1/2-1/2"]
[Round "9"]
[TimeControl "180+2"]
[Date "2023.07.11"]
[WhiteClock "0:00:14"]
[BlackClock "0:00:11"]
[Board "39"]

1. d4 e6 2. c4 b6 3. e4 Bb7 4. Nc3 Bb4 5. Qc2 f5 6. exf5 Nf6 7. fxe6 O-O 8. Nf3 Bxf3 9. gxf3 Nc6 10. Be3 dxe6 11. O-O-O Qe7 12. Ne4 Rad8 13. Nxf6+ Qxf6 14. Qe4 Na5 15. Bd3 g6 16. h4 Qf5 17. h5 Qxe4 18. fxe4 Nc6 19. hxg6 hxg6 20. e5 Nxd4 21. Bxg6 Nf3 22. Bh7+ Kf7 23. Be4 Rxd1+ 24. Kxd1 Nxe5 25. Rh7+ Kf6 26. Rxc7 Rf7 27. Rxf7+ Kxf7 28. b3 Ng4 29. Bd4 e5 30. Be3 Nxe3+ 31. fxe3 Ke6 32. Ke2 a5 33. Kf3 Kd6 34. Ke2 Bc5 35. Kd3 Ke6 36. Bh7 Kd6 37. Ke4 Bb4 38. Bg8 Bc5 39. Kd3 Bb4 40. Bd5 Bc5 41. a4 Bb4 42. e4 Bc5 43. Bf7 Bb4 44. Be8 Bc5 45. Bb5 Bb4 46. Ba6 Bc5 47. Bb5 Bb4 48. Ba6 Bc5 49. Bb5 1/2-1/2


[Site "https://www.chess.com"]

[Event "Titled Tuesday Blitz July 11 Late 2023"]
[White "ArchibaldCerveza29"]
[Black "Weishaeutel, Moritz"]
[BlackFideId "12967300"]
[WhiteElo "2539"]
[BlackElo "2642"]
[Result "0-1"]
[Round "9"]
[TimeControl "180+2"]
[Date "2023.07.11"]
[WhiteClock "0:00:38"]
[BlackClock "0:01:31"]
[Board "40"]

1. e4 e5 2. Nf3 Nf6 3. Bc4 Nxe4 4. Nc3 Nc6 5. Nxe4 d5 6. Bd3 dxe4 7. Bxe4 Bd6 8. O-O O-O 9. Re1 Nb4 10. a3 f5 11. axb4 fxe4 12. Rxe4 Bf5 13. Re1 e4 14. Nd4 Bxh2+ 15. Kxh2 Qxd4 16. Qe2 Bg6 17. Qe3 Qd6+ 18. Kg1 Rf6 19. Rxa7 Raf8 20. Rf1 Rf5 21. d4 Rh5 22. Qg3 Qxg3 23. fxg3 Rh1+ 24. Kxh1 Rxf1+ 25. Kh2 Rxc1 26. c3 e3 0-1


[Site "https://www.chess.com"]

[Event "Titled Tuesday Blitz July 11 Late 2023"]
[White "Swayams, Mishra"]
[Black "Trifan, Andrei Ioan"]
[WhiteFideId "5028183"]
[BlackFideId "12967068"]
[WhiteElo "2634"]
[BlackElo "2529"]
[Result "1/2-1/2"]
[Round "9"]
[TimeControl "180+2"]
[Date "2023.07.11"]
[WhiteClock "0:00:19"]
[BlackClock "0:00:49"]
[Board "41"]

1. d4 Nf6 2. c4 e6 3. Nc3 d5 4. Nf3 Be7 5. Bf4 O-O 6. e3 b6 7. cxd5 Nxd5 8. Nxd5 Qxd5 9. Bd3 Bb4+ 10. Ke2 Bd6 11. Qc2 Ba6 12. Bxd6 cxd6 13. Rhc1 e5 14. dxe5 dxe5 15. Bxa6 Nxa6 16. Qc4 Qa5 17. Kf1 h6 18. a3 Rac8 19. b4 Rxc4 20. bxa5 Rxc1+ 21. Rxc1 e4 22. Nd4 Nc5 23. axb6 axb6 24. Rb1 Ra8 25. Rxb6 Rxa3 26. g4 Nd3 27. Rb8+ Kh7 28. Re8 Ra2 29. Ne2 Ra1+ 30. Kg2 Ra2 31. Kf1 Ra1+ 32. Kg2 Ra2 33. Kf1 1/2-1/2


[Site "https://www.chess.com"]

[Event "Titled Tuesday Blitz July 11 Late 2023"]
[White "Alboredo, Julia"]
[Black "Ehlvest, Jaan"]
[WhiteFideId "2124807"]
[BlackFideId "4500016"]
[WhiteElo "2493"]
[BlackElo "2623"]
[Result "0-1"]
[Round "9"]
[TimeControl "180+2"]
[Date "2023.07.11"]
[WhiteClock "0:00:03"]
[BlackClock "0:00:29"]
[Board "42"]

1. e4 g6 2. d4 Bg7 3. Nc3 c6 4. Be3 Qb6 5. Rb1 d6 6. Qd2 Nf6 7. f3 O-O 8. Nge2 Qc7 9. a4 e5 10. g3 Nbd7 11. Bg2 d5 12. O-O dxe4 13. Nxe4 Nxe4 14. fxe4 exd4 15. Nxd4 Ne5 16. Kh1 Rd8 17. Qe1 Qe7 18. c3 c5 19. Nc2 Bd7 20. b3 c4 21. Nd4 cxb3 22. a5 Ba4 23. Nxb3 Bb5 24. Rg1 Bd3 25. Ra1 Bc4 26. Nd2 Nd3 27. Qe2 Ba6 28. Qg4 Bxc3 29. Rad1 Ne5 30. Qf4 Qb4 31. Nb1 Nd3 32. Qf3 Bg7 33. Rgf1 Bc4 34. Nd2 Ne5 35. Qf2 Bxf1 36. Rxf1 Rac8 37. Nf3 Qc4 38. Nxe5 Bxe5 39. Bh3 Rc7 40. Rc1 Qxc1+ 41. Bxc1 Rxc1+ 42. Kg2 Rb1 43. Bg4 Rb2 44. Be2 Rdd2 0-1


[Site "https://www.chess.com"]

[Event "Titled Tuesday Blitz July 11 Late 2023"]
[White "Fiorito, Joaquin"]
[Black "SicilianPanzer"]
[WhiteFideId "180173"]
[WhiteElo "2623"]
[BlackElo "2296"]
[Result "1/2-1/2"]
[Round "9"]
[TimeControl "180+2"]
[Date "2023.07.11"]
[WhiteClock "0:00:12"]
[BlackClock "0:00:10"]
[Board "43"]

1. d4 Nf6 2. Nc3 d5 3. Bf4 a6 4. e3 h6 5. Nf3 c5 6. dxc5 Nc6 7. a3 Bg4 8. Be2 Bxf3 9. Bxf3 e5 10. Bg3 e4 11. Be2 Bxc5 12. O-O O-O 13. b4 Ba7 14. Rb1 d4 15. exd4 Nxd4 16. Na4 Rc8 17. c4 b5 18. Nb2 bxc4 19. Bxc4 Qe7 20. Kh1 a5 21. Qa4 axb4 22. axb4 Nf5 23. Rfe1 Nxg3+ 24. fxg3 Ng4 25. h3 Nf2+ 26. Kh2 Bd4 27. b5 Qg5 28. Bxf7+ Rxf7 29. Qxd4 Qxb5 30. Rbc1 Rcf8 31. Rc5 Qe8 32. Re5 Qb8 33. Rd5 Kh8 34. Rd6 Kh7 35. Nc4 Qb3 36. Nd2 Qc2 37. Nxe4 Nxe4 38. Qxe4+ Qxe4 39. Rxe4 Rf6 40. Rd2 Rf2 41. Ree2 Rxe2 42. Rxe2 Rf6 43. g4 Kg6 44. Kg3 Ra6 45. Re3 Ra4 46. Re6+ Kf7 47. Re3 Rb4 48. Kf3 Rc4 49. Re4 Rc3+ 50. Kf4 Rc2 51. g3 Kf6 52. Ra4 Rf2+ 53. Ke3 Rb2 54. Ra6+ Kf7 55. Rd6 Rb3+ 56. Rd3 Rb4 57. Kf3 Kf6 58. h4 Kf7 59. Re3 Kf6 60. Re4 Rb3+ 61. Re3 Rb4 62. Rc3 Rd4 63. Rc6+ Kf7 64. Rc5 Rb4 65. g5 Rb3+ 66. Kg4 hxg5 67. Rxg5 Rb4+ 68. Kh5 Rb6 69. Rf5+ Ke7 70. Kg5 Rb3 71. g4 Rb6 72. h5 Rh6 73. Ra5 Kf7 74. Ra7+ Kg8 75. Rd7 Rb6 76. Re7 Kf8 77. Re5 Kg8 78. Kf5 Rc6 79. g5 g6+ 80. hxg6 Kg7 81. Re7+ Kg8 82. Re6 Rc1 83. Re4 Rf1+ 84. Rf4 Ra1 85. Re4 Ra5+ 86. Re5 Ra1 87. Re8+ Kg7 88. Re7+ Kg8 89. Rd7 Rf1+ 90. Ke5 Re1+ 91. Kf6 Rf1+ 92. Ke6 Re1+ 93. Kd6 Rd1+ 94. Ke7 Re1+ 95. Kf6 Rf1+ 96. Ke5 Re1+ 97. Kf4 Rf1+ 98. Kg3 Rg1+ 99. Kf4 Rf1+ 100. Ke3 Re1+ 101. Kf3 Rf1+ 102. Kg2 Re1 103. Kg3 Rg1+ 104. Kf4 Rf1+ 1/2-1/2


[Site "https://www.chess.com"]

[Event "Titled Tuesday Blitz July 11 Late 2023"]
[White "Grebeniuk, Semen"]
[Black "Milovic, Aleksandra"]
[WhiteFideId "14117509"]
[BlackFideId "933988"]
[WhiteElo "2620"]
[BlackElo "2100"]
[Result "1-0"]
[Round "9"]
[TimeControl "180+2"]
[Date "2023.07.11"]
[WhiteClock "0:00:28"]
[BlackClock "0:00:00"]
[Board "44"]

1. d4 Nf6 2. Nf3 g6 3. Bg5 Bg7 4. c3 O-O 5. Nbd2 d6 6. e4 Nbd7 7. Be2 h6 8. Bh4 e5 9. dxe5 dxe5 10. O-O a5 11. a4 Qe7 12. Re1 g5 13. Bg3 Nh5 14. Qc2 Nf4 15. Bf1 Nc5 16. Nc4 Be6 17. b4 Bxc4 18. Bxc4 Nce6 19. Rab1 axb4 20. cxb4 Rfd8 21. a5 Nd4 22. Nxd4 Rxd4 23. Bxf4 exf4 24. e5 Rad8 25. e6 f6 26. Rbc1 Kh8 27. Qg6 R4d6 28. Bb3 Qe8 29. Qf5 Qg8 30. h4 gxh4 31. Rxc7 1-0


[Site "https://www.chess.com"]

[Event "Titled Tuesday Blitz July 11 Late 2023"]
[White "Pranav, V"]
[Black "Sala, Giulia"]
[WhiteFideId "25060783"]
[BlackFideId "2840451"]
[WhiteElo "2931"]
[BlackElo "2280"]
[Result "1/2-1/2"]
[Round "9"]
[TimeControl "180+2"]
[Date "2023.07.11"]
[WhiteClock "0:00:07"]
[BlackClock "0:00:03"]
[Board "45"]

1. e4 e6 2. d3 c5 3. Nd2 Nc6 4. Ngf3 Nge7 5. g3 g6 6. h4 Bg7 7. h5 d6 8. Bh3 e5 9. Bxc8 Qxc8 10. h6 Bf8 11. Nc4 Qc7 12. Bg5 Rg8 13. Bf6 O-O-O 14. Ng5 b5 15. Ne3 Rd7 16. Nxh7 d5 17. Ng5 Bxh6 18. Rxh6 dxe4 19. Nxe4 Nf5 20. Nxf5 gxf5 21. Nxc5 Rd5 22. Nb3 e4 23. d4 f4 24. Rh8 Rxh8 25. Bxh8 f3 26. Qd2 Rh5 27. O-O-O Rxh8 28. d5 Rd8 29. Qe1 Ne5 30. Qxe4 Nc4 31. Qxf3 a5 32. Nd4 Qe7 33. d6 Qg5+ 34. Kb1 Rxd6 35. Qa8+ Kc7 36. Qa7+ Kc8 37. c3 Qd5 38. Re1 a4 39. Re7 Qh1+ 40. Kc2 Qh7+ 41. Kd1 Qh1+ 42. Ke2 Qh5+ 43. Kd3 Qd1+ 44. Ke4 Qg4+ 45. f4 f5+ 46. Nxf5 Qe2+ 47. Ne3 Nd2+ 48. Ke5 Nc4+ 49. Ke4 Nd2+ 50. Ke5 Nc4+ 51. Ke4 1/2-1/2


[Site "https://www.chess.com"]

[Event "Titled Tuesday Blitz July 11 Late 2023"]
[White "Krzyzanowski, Marcin"]
[Black "brm72"]
[WhiteFideId "1132199"]
[WhiteElo "2765"]
[BlackElo "2535"]
[Result "1-0"]
[Round "9"]
[TimeControl "180+2"]
[Date "2023.07.11"]
[WhiteClock "0:00:03"]
[BlackClock "0:00:05"]
[Board "46"]

1. d4 Nf6 2. Nf3 g6 3. Nbd2 d5 4. b4 Bg7 5. Bb2 O-O 6. e3 Bf5 7. c4 a5 8. b5 c6 9. a4 Ne4 10. Nxe4 Bxe4 11. Nd2 Bf5 12. Be2 Nd7 13. O-O e5 14. cxd5 exd4 15. dxc6 bxc6 16. bxc6 dxe3 17. Bxg7 Kxg7 18. fxe3 Ne5 19. Bb5 Qb6 20. Kh1 Nxc6 21. Nc4 Qc5 22. Nd6 Ne7 23. Rc1 Qxe3 24. Re1 Qg5 25. Qd4+ Kg8 26. h4 Qh6 27. Rc4 Be6 28. Rc3 Qg7 29. Qxg7+ Kxg7 30. Rce3 Nf5 31. Nxf5+ Bxf5 32. Re7 h5 33. Kh2 Rad8 34. Ra7 Ra8 35. Ree7 Kf6 36. Rxf7+ Rxf7 37. Rxa8 Rc7 38. Ra6+ Ke5 39. Rxa5 Kf4 40. Be2 Rc2 41. Bf3 Ra2 42. Ra7 Ra3 43. a5 Ra2 44. a6 Bg4 45. Rf7+ Ke5 46. Bxg4 hxg4 47. a7 Ra3 48. Rb7 Kf4 49. Rf7+ Ke5 50. Rg7 Kf6 51. Rc7 Kf5 52. Rc5+ Kf4 53. Rc4+ Kf5 54. Rc5+ Kf4 55. g3+ Kf3 56. Rc3+ Rxc3 57. a8=Q+ Kf2 58. Qa7+ Ke2 59. Qe7+ Re3 60. Qg5 Kf2 61. Qxg4 1-0


[Site "https://www.chess.com"]

[Event "Titled Tuesday Blitz July 11 Late 2023"]
[White "Oro, Faustino"]
[Black "Janaszak, Dawid"]
[WhiteFideId "20000197"]
[BlackFideId "1119206"]
[WhiteElo "2723"]
[BlackElo "2534"]
[Result "1-0"]
[Round "9"]
[TimeControl "180+2"]
[Date "2023.07.11"]
[WhiteClock "0:00:05"]
[BlackClock "0:00:50"]
[Board "47"]

1. e4 c5 2. Nf3 Nc6 3. d4 cxd4 4. Nxd4 g6 5. c4 Bg7 6. Be3 Qb6 7. Nb3 Qd8 8. Nc3 Bxc3+ 9. bxc3 d6 10. Be2 Nf6 11. f3 Be6 12. O-O b6 13. Nd4 O-O 14. Nxc6 Qc7 15. Nd4 Bxc4 16. Bxc4 Qxc4 17. Qd2 Rac8 18. Rfc1 Nd7 19. Qe2 Qa4 20. Qb5 Rc4 21. Qxa4 Rxa4 22. Kf2 Rc8 23. Ke2 Ne5 24. Bd2 h5 25. Nc2 Kf8 26. Ne3 Ke8 27. Rcb1 Rc5 28. Rb4 Ra6 29. Nd5 Kd7 30. a4 Rca5 31. f4 Nc6 32. Rc4 f6 33. Rxc6 Kxc6 34. Nb4+ Kd7 35. Nxa6 Rxa6 36. Kd3 b5 37. a5 Rc6 38. a6 Rc4 39. Be3 Rc7 40. Ra5 Kc6 41. c4 bxc4+ 42. Kxc4 e6 43. Rb5 Kd7+ 44. Kb4 Kc8 45. Bd4 e5 46. fxe5 fxe5 47. Be3 Rc6 48. Ka5 Rc3 49. Bxa7 Ra3+ 50. Kb6 Ra2 51. Rb3 Rc2 52. Kb5 Kc7 53. Bb6+ Kb8 54. Rd3 Rb2+ 55. Kc6 Ra2 56. a7+ Ka8 57. Rxd6 Rc2+ 58. Kd7 Kb7 59. Rxg6 Re2 60. Rg8 Rd2+ 61. Ke6 Ra2 62. Rb8+ 1-0


[Site "https://www.chess.com"]

[Event "Titled Tuesday Blitz July 11 Late 2023"]
[White "Deng, Henry"]
[Black "Jaferian, Koosha"]
[WhiteFideId "30965454"]
[BlackFideId "12507440"]
[WhiteElo "2521"]
[BlackElo "2703"]
[Result "0-1"]
[Round "9"]
[TimeControl "180+2"]
[Date "2023.07.11"]
[WhiteClock "0:00:03"]
[BlackClock "0:00:09"]
[Board "48"]

1. e4 c6 2. d4 d5 3. Nd2 dxe4 4. Nxe4 Bf5 5. Ng3 Bg6 6. h4 h6 7. Nf3 e6 8. h5 Bh7 9. Bd3 Bxd3 10. Qxd3 Nf6 11. Ne4 Nbd7 12. c4 Be7 13. Bd2 Qc7 14. O-O-O O-O 15. Nxf6+ Nxf6 16. Kb1 b5 17. Rc1 Qb7 18. Ne5 Rab8 19. c5 Nd5 20. g4 Bg5 21. Rcf1 Bxd2 22. Qxd2 f6 23. Ng6 Rfd8 24. f4 b4 25. Ka1 Qa6 26. g5 Rb5 27. gxh6 Ra5 28. a3 Nc3 29. bxc3 Rxa3+ 30. Kb1 Ra1+ 31. Kc2 Ra2+ 32. Kd1 Rxd2+ 33. Kxd2 bxc3+ 34. Ke3 gxh6 35. Rhg1 Kf7 36. Ne5+ fxe5 37. fxe5+ Ke8 38. Rg8+ Kd7 39. Rf7+ Kc8 40. Rxd8+ Kxd8 41. Rf8+ Ke7 42. Rh8 c2 43. Rh7+ Ke8 44. Rh8+ Kf7 45. Kd2 c1=B+ 46. Kxc1 Qc4+ 47. Kb1 Qd3+ 48. Ka2 Qxd4 49. Rh7+ Kg8 50. Rxa7 Qxc5 51. Ra8+ Kf7 52. Rh8 Qd5+ 53. Ka3 Qa5+ 54. Kb3 Qxe5 55. Rh7+ Kg8 56. Rxh6 Qe3+ 57. Kc4 Qxh6 58. Kc5 Qc1+ 59. Kd6 c5 60. h6 c4 61. h7+ Kxh7 62. Kxe6 c3 0-1


[Site "https://www.chess.com"]

[Event "Titled Tuesday Blitz July 11 Late 2023"]
[White "Goryachkina, Aleksandra"]
[Black "Vovk, Orest"]
[WhiteFideId "4147103"]
[BlackFideId "14113490"]
[WhiteElo "2669"]
[BlackElo "2530"]
[Result "1/2-1/2"]
[Round "9"]
[TimeControl "180+2"]
[Date "2023.07.11"]
[WhiteClock "0:00:08"]
[BlackClock "0:00:26"]
[Board "49"]

1. e4 g5 2. d4 g4 3. h3 d5 4. e5 c5 5. c3 Nc6 6. hxg4 Qb6 7. dxc5 Qxc5 8. Rh5 Bg7 9. Be3 Qa5 10. f4 d4 11. Bf2 dxc3 12. Nxc3 Be6 13. Qa4 Qxa4 14. Nxa4 Nh6 15. g5 Ng4 16. Nf3 Nxf2 17. Kxf2 O-O-O 18. Be2 h6 19. gxh6 Rxh6 20. Rxh6 Bxh6 21. g3 f6 22. exf6 exf6 23. Nc5 Bd5 24. Rd1 Bf8 25. Nb3 Bxb3 26. Rxd8+ Kxd8 27. axb3 Bc5+ 28. Kg2 Nd4 29. Nxd4 Bxd4 30. Bf3 b6 1/2-1/2


[Site "https://www.chess.com"]

[Event "Titled Tuesday Blitz July 11 Late 2023"]
[White "Forgacs, Attila Jr."]
[Black "Nefedov, Sergey"]
[WhiteFideId "773654"]
[BlackFideId "24113417"]
[WhiteElo "2518"]
[BlackElo "2651"]
[Result "1/2-1/2"]
[Round "9"]
[TimeControl "180+2"]
[Date "2023.07.11"]
[WhiteClock "0:00:42"]
[BlackClock "0:02:08"]
[Board "50"]

1. e4 d5 2. exd5 Qxd5 3. Nc3 Qd8 4. d4 Nf6 5. Nf3 c6 6. Bc4 Bf5 7. O-O e6 8. Re1 Be7 9. Nh4 Bg6 10. Nxg6 hxg6 11. Bf4 Nd5 12. Nxd5 cxd5 13. Bd3 Nc6 14. c3 Bd6 15. Qf3 Bxf4 16. Qxf4 Rc8 17. Bxg6 fxg6 18. Rxe6+ Ne7 19. Rae1 Rc7 20. Qg5 Kf7 21. Qf4+ Kg8 22. Qg5 Kf7 23. Qf4+ Kg8 24. Qg5 Kf7 1/2-1/2


[Site "https://www.chess.com"]

[Event "Titled Tuesday Blitz July 11 Late 2023"]
[White "Womacka, Mathias"]
[Black "Adewumi, Tanitoluwa"]
[WhiteFideId "4611390"]
[BlackFideId "30966396"]
[WhiteElo "2513"]
[BlackElo "2651"]
[Result "1/2-1/2"]
[Round "9"]
[TimeControl "180+2"]
[Date "2023.07.11"]
[WhiteClock "0:00:02"]
[BlackClock "0:00:06"]
[Board "51"]

1. e4 c5 2. Nf3 e6 3. d4 cxd4 4. Nxd4 Nc6 5. Nc3 Nf6 6. Ndb5 d6 7. Bf4 e5 8. Bg5 a6 9. Na3 b5 10. Nd5 Be7 11. Nxe7 Nxe7 12. Bd3 Be6 13. O-O d5 14. exd5 Bxd5 15. c4 bxc4 16. Nxc4 h6 17. Be3 O-O 18. Nxe5 Nc6 19. Nxc6 Bxc6 20. Rc1 Qd5 21. f3 Rad8 22. Bxa6 Qxa2 23. Qe2 Bd5 24. b4 Qa3 25. Bc5 Rfe8 26. Qd3 Qb2 27. Qc3 Qa2 28. Ra1 Qb3 29. Qxb3 Bxb3 30. Rfe1 Rxe1+ 31. Rxe1 Nd5 32. b5 Rb8 33. Rb1 Bc4 34. Kf2 f6 35. Rc1 Bxb5 36. Rb1 Nc7 37. Bxb5 Rxb5 38. Rxb5 Nxb5 39. Ke3 Nc7 40. Bd4 Ne6 41. g4 Kf7 42. h4 Nc7 43. Bc5 Ke6 44. Bf8 Ne8 45. Ke4 Kf7 46. Bc5 Nc7 47. Kf5 Ne6 48. Be3 Nc7 49. Ke4 Ke6 50. h5 Nd5 51. Bc5 Nc3+ 52. Kd3 Nd5 53. Bf8 Kf7 54. Bd6 Nb6 55. Ke4 Nd7 56. Bb4 Ke6 57. Ba3 Nb6 58. Bb4 Nc4 59. Bf8 Kf7 60. Bc5 Ne5 61. Bd6 Nd7 62. Bb4 g6 63. hxg6+ Kxg6 64. Kf4 Ne5 65. Bc3 Nd3+ 66. Ke3 Nc5 67. Kf4 Ne6+ 68. Ke3 f5 69. gxf5+ Kxf5 70. Kf2 h5 71. Bb4 Nf4 72. Bd6 Ne6 73. Kg3 Kg5 74. f4+ Kf5 75. Kh4 Kg6 76. f5+ Kxf5 77. Kxh5 1/2-1/2


[Site "https://www.chess.com"]

[Event "Titled Tuesday Blitz July 11 Late 2023"]
[White "Martinez Reyes, Pedro Ramon"]
[Black "Fantinel, Thibault"]
[WhiteFideId "3901807"]
[BlackFideId "663395"]
[WhiteElo "2520"]
[BlackElo "2639"]
[Result "0-1"]
[Round "9"]
[TimeControl "180+2"]
[Date "2023.07.11"]
[WhiteClock "0:00:33"]
[BlackClock "0:01:40"]
[Board "52"]

1. e4 c5 2. b3 g6 3. Bb2 Nf6 4. e5 Nd5 5. Nc3 Nc7 6. Nf3 Bg7 7. h4 h6 8. Ne4 d6 9. Bb5+ Nxb5 10. Qe2 Nd4 11. Nxd4 cxd4 12. Nf6+ Kf8 13. Ne4 dxe5 14. O-O-O Nc6 15. h5 g5 16. f4 exf4 17. Kb1 f5 18. Nc5 e5 19. Ba3 Kg8 20. Qc4+ Kh7 21. Qf7 Qf6 22. Qc7 Re8 23. Nxb7 Bxb7 24. Qxb7 e4 25. Bb2 Rab8 26. Qa6 Nb4 0-1


[Site "https://www.chess.com"]

[Event "Titled Tuesday Blitz July 11 Late 2023"]
[White "Martinez Ramirez, Lennis"]
[Black "Mei, Austin"]
[WhiteFideId "3509079"]
[BlackFideId "30948479"]
[WhiteElo "2638"]
[BlackElo "2501"]
[Result "1-0"]
[Round "9"]
[TimeControl "180+2"]
[Date "2023.07.11"]
[WhiteClock "0:00:40"]
[BlackClock "0:00:00"]
[Board "53"]

1. c4 Nf6 2. Nc3 e5 3. a3 c5 4. g3 d5 5. cxd5 Nxd5 6. Bg2 Nc7 7. b4 cxb4 8. axb4 Nc6 9. b5 Nd4 10. e3 Nf5 11. b6 axb6 12. Rxa8 Nxa8 13. Nf3 Bd6 14. Qa4+ Bd7 15. Qe4 O-O 16. Qxb7 Re8 17. O-O Ne7 18. Ng5 Qc7 19. Qa6 Bc6 20. Nb5 Qd7 21. Nxd6 Qxd6 22. Ba3 Qd7 23. Qc4 Bd5 24. Qd3 e4 25. Bxe4 f5 26. Bg2 Bc6 27. Qxd7 Bxd7 28. Bxe7 Rxe7 29. Bxa8 h6 30. Bd5+ 1-0


[Site "https://www.chess.com"]